Map: [TLMC19] Anomaly Found

Players

ByuN - Winner!

  • Race: Terran Terran
  • Spawn Location: 11:00

LiquidCure (Cure)

  • Race: Terran Terran
  • League: Master
  • Spawn Location: 5:00

VOD

Have the link to the VOD?

Description

Time

  • Played on: Dec. 23, 2023, 9:35 a.m.
  • Length: 16:47
Show
View Real Time Build Order
Export as new Build Order

ByuN Terran - Winner!

Build Orders: Gas First Reaper Expand 

Get SALT Encoding   

  12  0:00  SCV  
  13  0:12  SCV  
  14  0:17  Supply Depot  
  14  0:24  SCV  
  14  0:27  Refinery  
  15  0:38  SCV  
  16  0:44  Barracks  
  16  0:50  SCV  
  17  1:02  SCV  
  18  1:15  SCV  
  19  1:30  Reaper  
  19  1:31  Orbital Command  
  20  1:41  Command Center  
  20  1:52  Factory  
  20  1:56  SCV  
  21  2:03  Refinery  
  21  2:04  Barracks Reactor  
  22  2:08  SCV  
  22  2:12  Supply Depot  
  22  2:20  SCV  
  23  2:34  SCV  
  23  2:35  Hellion  
  26  2:38  Starport  
  26  2:41  Marine x2  
  28  2:46  SCV  
  29  2:53  Orbital Command  
  29  2:58  Factory Tech Lab  
  28  2:59  SCV  
  28  3:03  Marine x2  
  30  3:11  SCV  
  31  3:17  Siege Tank  
  34  3:23  Medivac  
  34  3:25  SCV x2  
  38  3:28  Marine  
  38  3:30  Marine  
  40  3:35  Supply Depot  
  40  3:38  SCV x2  
  42  3:43  Refinery  
  42  3:50  SCV x2  
  44  3:57  Cyclone x2  
  49  4:02  SCV  
  49  4:03  SCV  
  49  4:05  Supply Depot  
  49  4:08  Raven  
  52  4:14  Supply Depot, SCV  
  52  4:15  SCV  
  49  4:27  SCV x2  
  50  4:37  Cyclone  
  49  4:39  SCV x2  
  51  4:51  SCV x2  
  49  5:01  Raven  
  49  5:03  SCV  
  54  5:07  SCV  
  54  5:10  Cyclone x2  
  57  5:15  SCV  
  57  5:19  SCV  
  57  5:27  SCV  
  55  5:31  SCV  
  54  5:39  Raven, SCV  
  54  5:42  Cyclone x2  
  61  5:43  SCV  
  61  5:47  Barracks Tech Lab  
  62  5:51  SCV  
  62  5:53  Barracks  
  62  5:54  Barracks  
  62  5:56  SCV  
  64  6:03  SCV  
  65  6:05  Marine  
  65  6:06  Stimpack  
  65  6:08  SCV  
  65  6:10  Engineering Bay  
  65  6:11  Supply Depot  
  67  6:15  SCV  
  68  6:20  SCV, Starport Reactor  
  68  6:21  Supply Depot  
  69  6:26  Siege Tank  
  69  6:28  SCV  
  69  6:32  SCV  
  74  6:34  Supply Depot, Marine  
  75  6:40  SCV  
  75  6:44  SCV, Barracks Reactor  
  77  6:49  Terran Infantry Weapons Level 1, Barracks  
  77  6:52  SCV, Marine, Barracks  
  77  6:53  Refinery  
  79  6:54  Marine  
  79  6:55  Marine  
  79  6:56  SCV  
  79  6:59  Medivac x2  
  86  7:02  Siege Tank  
  86  7:04  SCV  
  86  7:06  Supply Depot  
  90  7:08  SCV  
  90  7:10  Marine  
  90  7:12  Marine  
  90  7:13  Marine  
  94  7:16  SCV  
  94  7:22  Marine x2  
  95  7:29  Command Center  
  97  7:31  Supply Depot, Marine  
  97  7:32  Marine  
  97  7:35  Marine  
  100  7:39  Siege Tank  
  100  7:44  SCV x2  
  103  7:45  Combat Shield  
  103  7:50  Marine x5  
  103  7:51  Marine  
  106  7:53  Marine  
  107  8:01  Medivac  
  107  8:04  Medivac  
  111  8:07  Marine  
  111  8:08  Marine x5  
  111  8:11  Siege Tank  
  118  8:19  Marine  
  119  8:25  Marine x2  
  119  8:26  Marine x2  
  123  8:28  Marine x2  
  124  8:37  Marine  
  120  8:43  Siege Tank, Marine x2  
  120  8:44  Marine x2  
  120  8:46  Marine x2  
  109  8:49  Medivac  
  109  8:54  Marine  
  98  9:01  Marine x3  
  98  9:02  Marine  
  102  9:03  Marine  
  102  9:04  Marine  
  102  9:06  Medivac  
  106  9:12  Marine  
  106  9:15  Siege Tank  
  109  9:19  Marine x4, Medivac  
  109  9:21  Marine  
  109  9:22  Marine  
  113  9:30  Marine  
  97  9:37  Marine x4  
  101  9:39  Liberator  
  101  9:40  SCV x2  
  101  9:41  Armory, Barracks Reactor x2  
  101  9:43  Engineering Bay  
  106  9:49  Orbital Command, Liberator  
  106  9:52  SCV x2  
  111  9:55  Terran Infantry Armor Level 1  
  111  9:57  Marine  
  111  9:58  Marine  
  111  9:59  Marine  
  114  10:00  Marine  
  114  10:03  Marine  
  116  10:15  Marine x2  
  116  10:17  Marine x2  
  116  10:18  Marine  
  119  10:21  Marine  
  119  10:23  Marine  
  119  10:28  Marine  
  112  10:29  Marine  
  112  10:32  Terran Infantry Weapons Level 2  
  112  10:33  Marine x2, Terran Vehicle Weapons Level 1  
  112  10:34  Marine  
  112  10:35  Marine  
  118  10:36  Marine  
  118  10:39  Marine  
  118  10:41  Marine  
  114  10:46  Marine  
  114  10:47  Marine  
  114  10:49  Siege Tank  
  117  10:51  SCV x3, Marine x2  
  117  10:52  Marine  
  117  10:53  Marine  
  117  10:54  Marine, Sensor Tower  
  117  10:56  Viking x2  
  117  10:57  Marine  
  129  10:58  Marine  
  129  11:04  Marine  
  131  11:05  Marine  
  131  11:08  SCV  
  131  11:09  Marine x2  
  131  11:10  Marine  
  131  11:11  Marine x2  
  138  11:12  SCV  
  140  11:22  Supply Depot  
  140  11:27  Supply Depot  
  140  11:28  Supply Depot  
  140  11:29  Marine  
  140  11:30  Supply Depot  
  140  11:31  Siege Tank  
  141  11:39  Marine x5  
  141  11:46  Marine  
  144  11:49  Marine x3  
  147  11:55  Terran Infantry Armor Level 2  
  147  11:57  Marine  
  148  12:02  Marine x4  
  148  12:03  Siege Tank  
  148  12:04  Viking  
  148  12:07  Supply Depot  
  157  12:17  Marine  
  158  12:27  Marine  
  156  12:30  Marine x6  
  156  12:35  Siege Tank  
  165  12:37  Marine x2  
  167  12:44  Marine  
  167  12:48  Marine x4  
  167  12:49  Command Center  
  167  12:50  Supply Depot  
  172  12:56  Terran Infantry Weapons Level 3  
  172  12:57  Marine x3  
  175  12:59  Marine  
  180  13:06  Liberator x2  
  180  13:08  Siege Tank  
  180  13:11  Marine  
  186  13:16  Marine  
  187  13:22  Marine  
  169  13:28  Marine  
  169  13:31  Marine  
  169  13:32  Marine x3  
  128  13:34  Marine x2  
  128  13:35  Marine  
  128  13:40  Siege Tank, Marine  
  135  13:45  Marine  
  128  13:49  Marine, Viking x2  
  128  13:50  Marine x3  
  128  13:52  Marine x3  
  122  13:57  Marine  
  123  14:03  Marine  
  123  14:07  Marine  
  123  14:08  Marine x3  
  123  14:09  Command Center  
  125  14:10  Marine  
  125  14:12  Siege Tank  
  125  14:13  Marine  
  130  14:17  Marine  
  130  14:19  Marine  
  130  14:21  Marine  
  130  14:23  Viking  
  120  14:25  Marine  
  120  14:26  Viking  
  120  14:27  Marine  
  120  14:28  Marine  
  120  14:30  Marine  
  126  14:32  Marine  
  127  14:39  Marine x4  
  127  14:43  Marine  
  127  14:44  Siege Tank  
  127  14:45  Marine x2  
  133  14:48  Marine  
  133  14:50  Marine  
  136  14:56  Marine  
  136  14:59  Marine  
  138  15:06  Marine x2  
  118  15:09  Marine  
  118  15:11  Marine  
  118  15:12  Marine  
  120  15:14  Marine  
  120  15:16  Siege Tank  
  120  15:19  Marine  
  125  15:22  Marine x2  
  125  15:28  Marine  
  127  15:30  Marine x2  
  127  15:32  Marine  
  127  15:33  Orbital Command  
  131  15:35  Orbital Command  
  131  15:38  Marine  
  131  15:41  Marine  
  133  15:52  Siege Tank  
  133  15:54  Marine x2  
  128  15:57  Marine  
  128  15:58  Marine  
  128  16:01  Marine  
  128  16:02  Marine  
  132  16:05  Marine  
  132  16:07  Marine  
  132  16:10  Marine  
  135  16:13  Sensor Tower  
  135  16:15  Marine  
  135  16:16  Marine x2  
  135  16:17  Marine  
  139  16:19  Marine  
  139  16:21  Missile Turret  
Show
View Real Time Build Order
Export as new Build Order

LiquidCure Terran 

Build Orders: Cyclone Opening 

Get SALT Encoding   

  12  0:00  SCV  
  13  0:12  SCV  
  14  0:17  Supply Depot  
  14  0:24  SCV  
  15  0:38  SCV  
  15  0:40  Barracks  
  15  0:42  Refinery  
  16  0:50  SCV  
  16  0:52  Refinery  
  17  1:02  SCV  
  18  1:15  SCV  
  19  1:27  Orbital Command, Reaper  
  19  1:31  Supply Depot  
  20  1:42  Factory  
  20  1:53  SCV  
  21  1:59  Reaper  
  22  2:05  SCV  
  23  2:17  SCV  
  23  2:21  Command Center  
  24  2:29  SCV, Cyclone  
  27  2:42  Starport  
  27  2:43  SCV  
  28  2:48  Supply Depot  
  28  2:51  Barracks Reactor  
  28  2:57  SCV  
  28  3:03  Cyclone  
  30  3:10  SCV  
  30  3:18  Medivac  
  30  3:19  Refinery  
  32  3:22  SCV  
  33  3:34  Barracks Tech Lab, SCV, Orbital Command  
  34  3:42  Cyclone x2  
  34  3:46  SCV  
  39  3:56  Supply Depot  
  39  3:59  Raven  
  39  4:01  SCV x2  
  43  4:05  Interference Matrix  
  43  4:13  SCV x2  
  43  4:14  Cyclone  
  47  4:18  Cyclone  
  49  4:25  Marine  
  49  4:26  SCV  
  50  4:42  Raven  
  50  4:43  SCV, Marine  
  54  4:47  Supply Depot x2  
  54  4:52  Cyclone  
  56  4:58  Cyclone  
  56  4:59  SCV  
  59  5:04  Marine  
  60  5:09  Command Center  
  60  5:13  SCV  
  59  5:18  Orbital Command  
  60  5:28  Raven  
  60  5:30  SCV  
  61  5:36  Refinery  
  61  5:38  Refinery  
  61  5:39  Cyclone  
  61  5:42  SCV  
  63  5:44  SCV  
  64  5:53  Cyclone  
  64  5:55  SCV  
  64  5:57  Barracks Tech Lab, SCV  
  68  6:08  SCV  
  68  6:09  SCV  
  70  6:11  Cyclone  
  72  6:21  Raven  
  72  6:22  Orbital Command  
  72  6:24  SCV x2  
  76  6:28  Cyclone  
  76  6:31  Marine  
  79  6:38  Barracks  
  76  6:41  Barracks  
  76  6:46  SCV x2  
  78  6:48  Stimpack  
  78  6:50  Engineering Bay  
  78  6:53  SCV  
  79  6:56  Marine  
  79  6:58  SCV  
  79  7:00  SCV  
  82  7:05  SCV  
  82  7:06  Supply Depot, Engineering Bay  
  82  7:11  SCV  
  82  7:14  SCV, Marine  
  85  7:17  SCV, Terran Infantry Weapons Level 1  
  85  7:19  Starport Reactor  
  85  7:20  Siege Tank  
  89  7:23  SCV  
  89  7:25  Barracks  
  90  7:30  Barracks Reactor  
  90  7:31  SCV x2  
  90  7:32  Marine, Barracks  
  90  7:34  Supply Depot  
  90  7:35  SCV  
  94  7:37  Marine x2  
  96  7:46  Orbital Command  
  96  7:49  Marine  
  96  7:51  SCV x2  
  99  7:55  Marine x2  
  99  7:56  Siege Tank  
  99  7:57  Supply Depot  
  104  8:03  Supply Depot, SCV x2, Terran Infantry Armor Level 1  
  106  8:05  Marine  
  106  8:07  Supply Depot, Medivac  
  109  8:15  Barracks Reactor  
  109  8:18  Supply Depot, Barracks Reactor  
  109  8:19  SCV x2, Marine x2, Medivac  
  116  8:22  Orbital Command  
  114  8:29  Marine x3  
  114  8:32  Siege Tank  
  120  8:37  Marine x2  
  115  8:47  Marine x3  
  102  8:53  Marine x2  
  102  8:54  Marine x2  
  95  8:56  Marine  
  95  8:57  Marine  
  95  9:04  Siege Tank, Marine x2  
  95  9:05  Marine  
  101  9:11  Marine x2  
  101  9:12  Marine x2, Medivac x2  
  101  9:13  Marine  
  101  9:15  Marine  
  108  9:17  Combat Shield  
  108  9:22  Marine x3  
  111  9:29  Marine x2  
  111  9:30  Marine  
  92  9:31  Marine  
  92  9:33  Marine  
  89  9:42  Marine x3  
  92  9:47  Marine  
  92  9:50  Armory  
  92  9:55  Siege Tank  
  92  9:59  Marine x2  
  97  10:01  Marine  
  98  10:07  Marine x3  
  98  10:08  Marine  
  98  10:11  Orbital Command  
  98  10:12  Marine  
  104  10:18  Orbital Command  
  96  10:21  Marine x2  
  91  10:28  Marine x2  
  91  10:29  Marine x2  
  87  10:42  Terran Infantry Weapons Level 2  
  87  10:43  Terran Infantry Armor Level 2  
  87  10:46  Marine x4  
  87  10:47  Marine  
  89  11:08  Marine x4  
  89  11:09  Marine  
  94  11:12  Marine  
  94  11:13  Siege Tank  
  94  11:15  Medivac  
  94  11:16  Medivac  
  102  11:23  SCV x2  
  104  11:26  Marine x2  
  104  11:33  Marine x2  
  104  11:34  Marine x3  
  104  11:38  Orbital Command  
  109  11:44  SCV x2  
  109  11:46  Marine x3  
  107  11:51  Marine  
  107  11:56  SCV x2, Marine x4  
  107  11:58  Siege Tank  
  116  12:03  SCV  
  116  12:08  SCV x2, Marine x2, Sensor Tower  
  119  12:09  Marine x2  
  123  12:21  Marine x4  
  127  12:25  SCV x2  
  127  12:26  Marine x2  
  127  12:29  Marine x2  
  129  12:39  Marine  
  129  12:43  Supply Depot  
  130  12:46  Supply Depot  
  130  12:55  SCV x3  
  133  13:02  Refinery  
  133  13:04  Marine x4  
  137  13:06  Marine  
  138  13:13  Orbital Command  
  138  13:15  Siege Tank, Marine x3  
  144  13:22  Marine  
  137  13:31  Marine x3  
  114  13:45  Marine x5  
  108  13:49  Marine  
  108  13:55  Marine x2  
  104  14:03  Marine  
  104  14:04  Medivac  
  104  14:05  Medivac  
  104  14:07  Marine x2  
  109  14:17  Marine x4  
  109  14:20  Marine  
  109  14:21  Marine  
  96  14:24  Marine  
  97  14:36  Marine x4  
  100  14:40  Marine x3  
  100  14:42  Marine  
  100  14:43  Siege Tank  
  107  14:51  Medivac  
  109  14:54  Marine x2  
  107  15:01  Marine x2  
  107  15:05  Marine x4  
  93  15:12  Marine x2  
  95  15:15  Medivac  
  95  15:18  Orbital Command  
  95  15:19  Marine x2  
  99  15:23  Marine  
  99  15:24  Marine x3  
  98  15:30  Marine x2  
  99  15:39  Marine  
  100  15:47  Marine x2  
  102  15:53  Marine x2  
  88  15:58  Marine x2  
  88  15:59  Marine  
  84  16:06  Siege Tank  
  84  16:07  Marine  
  84  16:09  Marine  
  84  16:11  Marine  
  90  16:12  Marine  
  90  16:17  Marine x2  
  93  16:21  Marine x2  
  93  16:25  Marine  
Tags
 
Add a new tag
Caveats
  • Supply blocks, unpowered buildings, or Contaminate may cause inaccurate times.
  • Supply counts are checked every 10 seconds.